Map: Ulrena

Players

lesha - Winner!

  • Race: Terran Terran
  • League: Silver

Desolation

  • Race: Protoss Protoss
  • League: Gold

VOD

Have the link to the VOD?

Description

Time

  • Played on: Jan. 4, 2016, 9:22 a.m.
  • Length: 13:28
Show
View Real Time Build Order
Export as new Build Order

lesha Terran - Winner!

Build Orders: Reaper Expand, MMM Bio 

Get SALT Encoding   

  12  0:02  SCV  
  13  0:18  SCV  
  14  0:21  Supply Depot  
  14  0:30  SCV  
  15  0:43  SCV  
  15  0:46  Barracks  
  16  0:55  SCV  
  16  0:56  Refinery  
  17  1:07  SCV  
  18  1:19  SCV  
  19  1:35  Orbital Command  
  19  1:41  Reaper  
  19  1:45  Command Center  
  20  1:55  Refinery  
  20  2:03  SCV  
  21  2:13  Barracks Reactor  
  21  2:15  SCV  
  22  2:26  Barracks  
  22  2:27  SCV  
  22  2:29  Factory  
  23  2:58  Marine x2  
  25  3:10  SCV  
  25  3:12  Orbital Command  
  26  3:23  SCV  
  26  3:24  Factory Tech Lab  
  26  3:25  Barracks Reactor  
  27  3:31  Marine x2  
  27  3:32  Supply Depot  
  29  3:34  Barracks  
  29  3:35  SCV, Bunker  
  29  3:40  SCV  
  31  3:48  SCV  
  32  3:49  Marine  
  32  3:50  Marine  
  32  3:52  SCV  
  32  3:53  Siege Tank  
  32  4:21  SCV x2  
  33  4:25  Marine x3  
  33  4:26  Marine  
  33  4:28  Barracks Tech Lab  
  37  4:33  SCV x2  
  37  4:34  Starport  
  39  4:45  SCV x2  
  41  4:49  Engineering Bay, Marine x3  
  41  4:50  Marauder  
  46  4:58  Marine  
  47  5:04  Supply Depot  
  47  5:05  SCV x2  
  49  5:07  Supply Depot  
  49  5:14  Starport Reactor  
  49  5:16  Stimpack  
  49  5:18  Terran Infantry Weapons Level 1  
  49  5:24  SCV x2  
  49  5:26  Missile Turret  
  51  5:31  Missile Turret  
  51  5:33  Marine x2  
  53  5:42  Marine x2  
  53  5:43  SCV  
  53  5:44  SCV  
  55  5:57  SCV, Refinery  
  55  5:58  SCV  
  55  5:59  Medivac  
  55  6:00  Medivac  
  55  6:02  Marine x2  
  55  6:03  Marine x2  
  62  6:23  Supply Depot  
  62  6:25  Supply Depot  
  62  6:27  Supply Depot  
  62  6:29  Supply Depot  
  62  6:47  SCV x2, Marine x5  
  69  6:59  SCV x2  
  71  7:04  Barracks, Marine x3  
  71  7:05  Barracks  
  73  7:11  SCV  
  74  7:34  Marine x2  
  74  7:35  Marine x3  
  78  7:47  Terran Infantry Armor Level 1  
  78  7:51  Command Center  
  78  7:56  Combat Shields, Engineering Bay  
  78  7:58  Armory, Marine x3  
  79  7:59  Barracks Tech Lab x2  
  79  8:00  Marauder  
  79  8:02  Siege Tank  
  86  8:24  Marauder  
  84  8:34  Medivac  
  86  8:42  Supply Depot  
  86  8:43  Supply Depot  
  86  8:46  Supply Depot x2  
  86  8:47  Terran Infantry Weapons Level 2  
  86  9:02  Medivac, Marine x6  
  86  9:03  Siege Tank  
  88  9:28  Marine x5  
  88  9:29  Marine x2  
  76  9:42  Orbital Command  
  71  9:45  SCV x2  
  71  9:46  Marine x4  
  72  9:57  SCV x2  
  64  10:05  Marine  
  64  10:06  Marine x6  
  68  10:09  SCV, Medivac x2  
  68  10:10  SCV  
  74  10:14  Terran Infantry Armor Level 2  
  74  10:22  SCV  
  74  10:23  Marine x2  
  74  10:24  Marine x4  
  74  10:25  Marauder  
  83  10:30  Refinery  
  83  10:41  Marine x4  
  83  10:42  Marauder  
  89  10:47  SCV x3  
  89  10:48  Barracks x2  
  92  10:50  Command Center  
  92  10:51  Marine x2  
  92  10:53  Siege Tank  
  92  10:55  Medivac  
  99  10:59  SCV, Marine x2  
  99  11:02  SCV  
  99  11:03  SCV  
  104  11:11  SCV  
  105  11:15  SCV  
  97  11:32  Marine x6  
  96  11:33  Marauder  
  96  11:39  Medivac  
  102  11:40  Medivac  
  104  11:50  Marine x3  
  104  11:51  Marauder x2  
  111  11:55  Marauder  
  111  12:00  Marine  
  114  12:06  Barracks Reactor, Barracks Tech Lab  
  114  12:07  Marine x2  
  114  12:08  Marine  
  117  12:12  Marauder x2  
  121  12:16  Marauder  
  121  12:18  Marine  
  124  12:24  Liberator  
  124  12:25  Marine  
  125  12:32  Marine  
  125  12:33  Marauder, Marine  
  125  12:34  Marauder x2  
  133  12:37  Marauder  
  138  12:51  Supply Depot  
  138  12:53  Supply Depot  
  138  12:55  Marauder  
  138  12:56  Supply Depot, Orbital Command  
  138  12:57  Supply Depot  
  138  12:58  Supply Depot  
  140  13:08  SCV x2  
  140  13:10  SCV  
Show
View Real Time Build Order
Export as new Build Order

Desolation Protoss 

Build Orders:  

Get SALT Encoding   

  12  0:01  Probe (Chrono Boost)  
  13  0:12  Probe (Chrono Boost)  
  14  0:19  Pylon  
  14  0:23  Probe (Chrono Boost)  
  15  0:37  Probe (Chrono Boost)  
  15  0:38  Gateway  
  16  0:48  Probe (Chrono Boost)  
  16  0:49  Assimilator  
  17  0:58  Probe (Chrono Boost)  
  18  1:09  Probe (Chrono Boost)  
  19  1:19  Probe (Chrono Boost)  
  20  1:27  Cybernetics Core  
  20  1:33  Probe (Chrono Boost)  
  21  1:42  Pylon  
  21  1:49  Nexus  
  21  1:59  Pylon  
  21  2:01  Probe (Chrono Boost)  
  22  2:04  Warp Gate  
  22  2:12  Mothership Core (Chrono Boost)  
  22  2:15  Assimilator  
  24  2:22  Adept  
  25  2:54  Probe (Chrono Boost)  
  25  2:58  Adept  
  28  3:07  Gateway, Robotics Facility  
  28  3:10  Gateway  
  28  3:13  Gateway  
  28  3:23  Pylon  
  28  3:26  Probe x2 (Chrono Boost)  
  30  3:36  Probe (Chrono Boost)  
  30  3:37  Probe (Chrono Boost)  
  32  3:47  Probe x2 (Chrono Boost)  
  34  3:57  Probe (Chrono Boost)  
  34  3:58  Probe (Chrono Boost)  
  36  4:24  Immortal (Chrono Boost)  
  36  4:26  Probe (Chrono Boost)  
  36  4:28  Probe  
  38  4:36  Stalker x2, Assimilator  
  38  4:37  Stalker, Probe  
  38  4:38  Assimilator  
  44  4:40  Probe  
  44  4:41  Pylon  
  46  4:46  Adept  
  48  4:58  Probe  
  48  5:00  Probe  
  48  5:05  Pylon  
  50  5:09  Probe  
  50  5:12  Probe, Adept x3  
  50  5:13  Adept  
  60  5:25  Probe  
  60  5:27  Probe  
  62  5:36  Probe  
  62  5:39  Stalker x3, Probe  
  62  6:31  Probe  
  62  6:32  Pylon  
  62  6:33  Probe  
  62  6:34  Gateway  
  62  6:36  Gateway  
  62  6:38  Gateway  
  64  6:40  Gateway  
  64  6:42  Probe, Gateway  
  64  6:45  Probe  
  64  6:46  Gateway  
  64  7:05  Immortal (Chrono Boost)  
  68  7:11  Stalker  
  68  7:12  Stalker x3  
  55  7:32  Probe  
  55  7:34  Probe  
  56  7:38  Warp Prism (Chrono Boost)  
  56  7:43  Probe  
  58  7:46  Probe  
  60  7:53  Probe  
  60  7:58  Probe  
  62  8:23  Adept x3  
  62  8:24  Adept x5  
  62  8:25  Adept x2  
  72  9:00  Stalker x2  
  72  9:01  Stalker  
  72  9:33  Stalker x4  
  64  9:42  Zealot  
  64  9:43  Zealot x5  
  42  10:02  Adept x5  
  42  10:03  Adept x2  
  50  10:07  Immortal (Chrono Boost)  
  50  10:10  Stalker x2  
  50  10:11  Stalker  
  56  10:42  Nexus  
  56  10:45  Pylon  
  56  10:47  Pylon  
  56  11:10  Adept x6  
  56  11:11  Adept  
  61  11:30  Adept x2  
  61  11:31  Adept x2  
  57  11:52  Probe  
  57  11:53  Probe x2, Twilight Council  
  60  12:03  Probe x2  
  60  12:05  Probe  
  63  12:17  Probe  
  61  12:35  Immortal (Chrono Boost)  
  65  12:43  Probe x2  
  65  12:44  Probe  
  68  12:53  Templar Archives, Probe  
  68  12:54  Probe, Zealot x2  
  68  12:55  Zealot  
  68  12:56  Probe  
  53  13:15  Stalker x3  
Tags
 
Composition
MMM Bio
Matchup
PvT
Add a new tag
Caveats
  • Supply blocks, unpowered buildings, or Contaminate may cause inaccurate times.
  • Supply counts are checked every 10 seconds.